Map: 紫晶浪漫-天梯版

Players

wanted

  • Race: Zerg Zerg

TIME (Oliveira) - Winner!

  • Race: Terran Terran

Event: DreamHack SC2 Masters 2020 Winter

VOD

Have the link to the VOD?

Description

Time

  • Played on: Oct. 28, 2020, 8:02 a.m.
  • Length: 7:43

All games in this series

Show
View Real Time Build Order
Export as new Build Order

wanted Zerg 

Build Orders: Hatch First 

Get SALT Encoding   

  12  0:00  Drone  
  13  0:09  Drone  
  14  0:16  Overlord  
  14  0:23  Drone, Extractor  
  15  0:35  Drone  
  16  0:47  Hatchery  
  15  0:50  Drone  
  15  0:54  Drone  
  17  0:58  Drone  
  18  1:08  Extractor  
  17  1:12  Spawning Pool  
  17  1:16  Drone  
  17  1:19  Drone  
  18  1:27  Drone  
  19  1:37  Drone  
  20  1:45  Hatchery  
  19  1:50  Drone  
  20  1:59  Queen  
  22  2:02  Drone  
  22  2:06  Drone  
  24  2:13  Zergling x4  
  26  2:21  Queen  
  28  2:31  Metabolic Boost  
  28  2:38  Overlord  
  28  2:40  Overlord  
  28  2:50  Extractor  
  27  2:51  Drone  
  27  2:52  Drone, Extractor  
  30  2:59  Drone x5  
  30  3:02  Queen  
  37  3:09  Queen  
  39  3:15  Drone x2  
  41  3:22  Overlord  
  41  3:23  Drone x2  
  43  3:27  Drone  
  43  3:30  Drone x3  
  43  3:31  Drone  
  48  3:38  Queen  
  50  3:43  Zergling x2  
  50  3:44  Zergling x2, Overlord  
  52  3:51  Overlord  
  52  3:55  Drone x4  
  56  4:01  Baneling Nest  
  55  4:05  Drone x2  
  57  4:11  Zergling x4  
  57  4:13  Overlord  
  57  4:14  Queen  
  57  4:15  Overlord  
  61  4:18  Extractor  
  61  4:19  Drone x3  
  63  4:32  Zergling x10  
  63  4:33  Zergling x6  
  71  4:41  Spore Crawler x2  
  71  4:42  Spore Crawler, Drone  
  71  4:43  Lair  
  69  4:50  Overlord  
  69  4:53  Drone x3  
  69  4:59  Overlord  
  72  5:01  Drone x6  
  72  5:03  Drone  
  79  5:07  Drone  
  79  5:12  Overlord  
  80  5:19  Drone x2  
  79  5:24  Overlord  
  79  5:25  Drone x4  
  83  5:30  Extractor  
  83  5:31  Drone, Extractor  
  83  5:32  Drone x3  
  85  5:38  Evolution Chamber  
  85  5:39  Evolution Chamber  
  85  5:40  Overlord x2  
  83  5:44  Centrifical Hooks  
  83  5:48  Extractor  
  82  5:50  Drone x6  
  88  5:58  Hatchery  
  88  5:59  Hatchery  
  88  6:02  Zergling x2  
  88  6:03  Zergling x8  
  91  6:05  Baneling x3  
  91  6:10  Baneling  
  91  6:11  Baneling x2  
  91  6:14  Zergling x18  
  94  6:30  Zergling x2, Overlord x2  
  94  6:31  Zergling x6  
  97  6:34  Queen  
  97  6:39  Overlord  
  98  6:42  Hatchery  
  98  6:43  Zergling x8  
  99  6:52  Drone  
  99  6:53  Hydralisk Den, Drone  
  100  6:55  Zergling x2  
  100  6:57  Queen  
  100  7:02  Zergling x2  
  93  7:09  Zergling x12  
Show
View Real Time Build Order
Export as new Build Order

TIME Terran - Winner!

Build Orders: Liberator Opening, Reaper Expand 

Get SALT Encoding   

  12  0:00  SCV  
  13  0:12  SCV  
  14  0:18  Supply Depot  
  14  0:24  SCV  
  15  0:39  SCV  
  15  0:40  Barracks  
  16  0:44  Refinery  
  16  0:51  SCV  
  17  1:03  SCV  
  18  1:16  SCV  
  19  1:28  Reaper, Orbital Command  
  20  1:38  Command Center  
  20  1:49  Supply Depot  
  20  1:53  SCV  
  21  1:59  Marine  
  22  2:05  SCV  
  23  2:08  Factory  
  23  2:12  Refinery  
  23  2:17  SCV  
  23  2:21  Barracks Reactor  
  25  2:30  SCV  
  25  2:42  SCV  
  26  2:51  Orbital Command  
  26  2:52  Starport  
  26  2:54  SCV  
  27  3:01  Hellion x2  
  27  3:03  Marine  
  32  3:06  SCV  
  33  3:16  SCV  
  33  3:18  SCV  
  35  3:22  Supply Depot  
  35  3:23  Hellion x2  
  39  3:28  SCV  
  39  3:29  Liberator  
  39  3:30  Barracks Tech Lab  
  39  3:31  SCV  
  44  3:40  SCV  
  45  3:43  SCV  
  45  3:44  Hellion  
  45  3:45  Hellion  
  45  3:47  Supply Depot  
  50  3:48  Stimpack  
  50  3:53  SCV  
  50  3:55  SCV  
  52  4:07  SCV  
  53  4:10  Command Center  
  53  4:14  SCV, Supply Depot  
  53  4:15  Factory Reactor  
  54  4:17  Marine  
  54  4:20  SCV  
  54  4:23  Barracks  
  56  4:28  Starport Reactor  
  56  4:30  SCV, Barracks  
  57  4:35  SCV, Marine  
  59  4:42  SCV  
  60  4:47  SCV  
  60  4:48  Engineering Bay  
  60  4:49  Engineering Bay, Refinery  
  60  4:50  Refinery  
  61  4:53  Supply Depot  
  61  4:57  Marine  
  62  5:01  SCV  
  62  5:05  SCV  
  64  5:07  Factory Reactor  
  64  5:09  Medivac x2  
  64  5:11  Marine x2  
  70  5:15  SCV, Marine  
  70  5:21  Terran Infantry Weapons Level 1, Terran Infantry Armor Level 1  
  72  5:23  Orbital Command  
  72  5:25  SCV  
  72  5:28  SCV  
  74  5:29  Marine  
  74  5:30  Marine x2  
  74  5:33  Marine x2  
  79  5:37  Combat Shield  
  79  5:38  SCV  
  80  5:43  SCV  
  80  5:47  Marine  
  82  5:50  SCV  
  82  5:53  Marine x2  
  82  5:54  Supply Depot, Marine x2  
  82  5:55  Hellion  
  89  5:57  Supply Depot  
  89  5:58  Hellion  
  89  6:02  Orbital Command  
  91  6:04  SCV  
  91  6:05  Marine  
  93  6:15  SCV, Medivac x2, Marine x2  
  97  6:22  Marine  
  97  6:25  Hellion  
  91  6:26  Hellion  
  91  6:27  SCV  
  91  6:28  SCV x2  
  91  6:29  Armory  
  91  6:30  Marine x2  
  98  6:33  Supply Depot, Marine  
  98  6:35  Supply Depot, Marine  
  99  6:43  Marine  
  99  6:45  SCV x3  
  103  6:48  Marine x2  
  103  6:49  Barracks x2  
  103  6:52  Medivac x2  
  109  6:57  SCV  
  110  7:02  Marine  
  110  7:06  Marine  
  102  7:13  Marine x2  
  102  7:14  Widow Mine x2  
Tags
 
Add a new tag
Caveats
  • Supply blocks, unpowered buildings, or Contaminate may cause inaccurate times.
  • Supply counts are checked every 10 seconds.